| TOP OF THE 1ST |
|
Madison Brewers batting - Pitching for Amarillo ThunderHeads : RHP Ferdi Schipper
|
|
Pitching: RHP Ferdi Schipper
|
|
|
Batting: LHB Rick Campbell
|
0-0: Called Strike 0-1: Ground out 4-3 (Groundball, 4, EV 101.9 MPH)
|
|
Batting: RHB Drew Forbess
|
0-0: Called Strike 0-1: Ball 1-1: Ball 2-1: Ball 3-1: Base on Balls
|
|
Batting: SHB Aaron Neill
|
0-0: Called Strike 0-1: Fielders Choice at 2nd, 5-4 (Groundball, 56, EV 91.3 MPH)
|
|
Batting: SHB Jerry Duffy
|
0-0: Called Strike 0-1: Called Strike 0-2: Ball Aaron Neill steals 2nd base 1-2: Ball 2-2: Foul Ball, location: 2F Balk! Aaron Neill to third 2-2: Strikes out swinging
|
| Top of the 1st over - 0 runs, 0 hits, 0 errors, 1 left on base; Madison 0 - Amarillo 0 |
| BOTTOM OF THE 1ST |
|
Amarillo ThunderHeads batting - Pitching for Madison Brewers : LHP Mike Moffett
|
|
Pitching: LHP Mike Moffett
|
|
|
Batting: SHB Zack Barton
|
0-0: Swinging Strike 0-1: Ball 1-1: Ball 2-1: Fly out, F8 (Flyball, 8LD, EV 90.0 MPH)
|
|
Batting: RHB Luis Reyna
|
0-0: SINGLE (Groundball, 4MD, EV 103.1 MPH)
|
|
Batting: SHB Tim Rogers
|
0-0: Ball 1-0: Ball 2-0: Called Strike 2-1: Ball 3-1: Foul Ball, location: 2F 3-2: Strikes out swinging
|
|
Batting: RHB Nick Solberg
|
0-0: Ball 1-0: Ball 2-0: Ball 3-0: Base on Balls Luis Reyna to second
|
|
Batting: RHB Sal Cervantes
|
0-0: Called Strike 0-1: Ball 1-1: Ball 2-1: Called Strike 2-2: Strikes out swinging
|
| Bottom of the 1st over - 0 runs, 1 hit, 0 errors, 2 left on base; Madison 0 - Amarillo 0 |
| TOP OF THE 2ND |
|
Madison Brewers batting - Pitching for Amarillo ThunderHeads : RHP Ferdi Schipper
|
|
Batting: RHB Chris Riddel
|
0-0: Called Strike 0-1: Foul Ball, location: 2F 0-2: Strikes out swinging
|
|
Batting: SHB Ramon Perez
|
0-0: Called Strike 0-1: Ball 1-1: Swinging Strike 1-2: Strikes out swinging
|
|
Batting: RHB Victor Alarcon
|
0-0: Called Strike 0-1: Fly out, F9 (Flyball, 89D, EV 88.8 MPH)
|
| Top of the 2nd over - 0 runs, 0 hits, 0 errors, 0 left on base; Madison 0 - Amarillo 0 |
| BOTTOM OF THE 2ND |
|
Amarillo ThunderHeads batting - Pitching for Madison Brewers : LHP Mike Moffett
|
|
Batting: RHB Ron Squires
|
0-0: DOUBLE (Flyball, 89D, EV 110.0 MPH)
|
|
Batting: RHB Luis Solorzano
|
0-0: Ground out 5-3 (Groundball, 5, EV 103.8 MPH)
|
|
Batting: RHB Elias Sagrero
|
0-0: Fly out, F4 (Flyball, 34D, EV 83.1 MPH)
|
|
Batting: SHB Tyler Romo
|
0-0: Called Strike 0-1: Foul Ball, location: 2F 0-2: Strikes out looking
|
| Bottom of the 2nd over - 0 runs, 1 hit, 0 errors, 1 left on base; Madison 0 - Amarillo 0 |
| TOP OF THE 3RD |
|
Madison Brewers batting - Pitching for Amarillo ThunderHeads : RHP Ferdi Schipper
|
|
Batting: RHB Jesus Menjivar
|
0-0: Ball 1-0: Called Strike 1-1: Ball 2-1: Called Strike 2-2: Foul Ball, location: 2F 2-2: Strikes out looking
|
|
Batting: RHB Justin Marino
|
0-0: Ball 1-0: Ball 2-0: Fly out, F7 (Line Drive, 7D, EV 88.1 MPH)
|
|
Batting: LHB Rick Campbell
|
0-0: Ball 1-0: Ball 2-0: Ball 3-0: Called Strike 3-1: Called Strike 3-2: Fly out, F8 (Line Drive, 78M, EV 106.3 MPH)
|
| Top of the 3rd over - 0 runs, 0 hits, 0 errors, 0 left on base; Madison 0 - Amarillo 0 |
| BOTTOM OF THE 3RD |
|
Amarillo ThunderHeads batting - Pitching for Madison Brewers : LHP Mike Moffett
|
|
Batting: SHB Zack Barton
|
0-0: Ball 1-0: Fly out, F7 (Flyball, 7, EV 80.0 MPH)
|
|
Batting: RHB Luis Reyna
|
0-0: Foul Ball, location: 2F 0-1: Ball 1-1: Swinging Strike 1-2: Ball 2-2: Ball 3-2: SINGLE (Line Drive, 6D, EV 100.0 MPH)
|
|
Batting: SHB Tim Rogers
|
0-0: Ball 1-0: Ball 2-0: Fielders Choice at 2nd, 6-4 (Groundball, 56, EV 104.4 MPH)
|
|
Batting: RHB Nick Solberg
|
0-0: Ball 1-0: Ball 2-0: Ball 3-0: Called Strike 3-1: Base on Balls Tim Rogers to second
|
|
Batting: RHB Sal Cervantes
|
0-0: Called Strike 0-1: Ball 1-1: Ball 2-1: Ball 3-1: Foul Ball, location: 2F 3-2: Foul Ball, location: 2F 3-2: Ground out 5-3 (Groundball, 5S, EV 70.0 MPH)
|
| Bottom of the 3rd over - 0 runs, 1 hit, 0 errors, 2 left on base; Madison 0 - Amarillo 0 |
| TOP OF THE 4TH |
|
Madison Brewers batting - Pitching for Amarillo ThunderHeads : RHP Ferdi Schipper
|
|
Batting: RHB Drew Forbess
|
0-0: Ball 1-0: Foul Ball, location: 2F 1-1: Foul Ball, location: 2F 1-2: Ball 2-2: Ball 3-2: Ground out 6-3 (Groundball, 6, EV 83.8 MPH)
|
|
Batting: SHB Aaron Neill
|
0-0: Fly out, F5 (Line Drive, 5, EV 71.3 MPH)
|
|
Batting: SHB Jerry Duffy
|
0-0: Called Strike 0-1: Foul Ball, location: 2F 0-2: Foul Ball, location: 2F 0-2: Ball 1-2: Strikes out swinging
|
| Top of the 4th over - 0 runs, 0 hits, 0 errors, 0 left on base; Madison 0 - Amarillo 0 |
| BOTTOM OF THE 4TH |
|
Amarillo ThunderHeads batting - Pitching for Madison Brewers : LHP Mike Moffett
|
|
Batting: RHB Ron Squires
|
0-0: Ball 1-0: Ground out 6-3 (Groundball, 56, EV 110.6 MPH)
|
|
Batting: RHB Luis Solorzano
|
0-0: Ball 1-0: Called Strike 1-1: Ball 2-1: Foul Ball, location: 2F 2-2: Foul Ball, location: 2F 2-2: Strikes out swinging
|
|
Batting: RHB Elias Sagrero
|
0-0: Called Strike 0-1: Called Strike 0-2: Hit by Pitch
|
|
Batting: SHB Tyler Romo
|
0-0: Ball Passed Ball! Elias Sagrero to second 1-0: Foul Ball, location: 2F 1-1: Called Strike 1-2: Ball 2-2: Fly out, F9 (Flyball, 9S, EV 73.8 MPH)
|
| Bottom of the 4th over - 0 runs, 0 hits, 0 errors, 1 left on base; Madison 0 - Amarillo 0 |
| TOP OF THE 5TH |
|
Madison Brewers batting - Pitching for Amarillo ThunderHeads : RHP Ferdi Schipper
|
|
Batting: RHB Chris Riddel
|
0-0: Called Strike 0-1: Ball 1-1: Ball 2-1: Foul Ball, location: 2F 2-2: Foul Ball, location: 2F 2-2: Ball 3-2: Base on Balls
|
|
Batting: SHB Ramon Perez
|
0-0: Ball 1-0: Called Strike 1-1: Ball 2-1: Swinging Strike 2-2: Strikes out swinging
|
|
Batting: RHB Victor Alarcon
|
0-0: Ball Wild Pitch! Chris Riddel to second 1-0: Intentional Walk
|
|
Batting: RHB Jesus Menjivar
|
0-0: Called Strike 0-1: Foul Ball, location: 2F 0-2: Ball 1-2: Ball 2-2: Foul Ball, location: 2F 2-2: Fly out, F3 (Popup, 34S, EV 78.1 MPH)
|
|
Batting: RHB Justin Marino
|
0-0: Ground out 4-3 (Groundball, 34, EV 97.5 MPH)
|
| Top of the 5th over - 0 runs, 0 hits, 0 errors, 2 left on base; Madison 0 - Amarillo 0 |
| BOTTOM OF THE 5TH |
|
Amarillo ThunderHeads batting - Pitching for Madison Brewers : LHP Mike Moffett
|
|
Batting: SHB Zack Barton
|
0-0: Ground out 6-3 (Groundball, 6, EV 86.9 MPH)
|
|
Batting: RHB Luis Reyna
|
0-0: Called Strike 0-1: Ball 1-1: SOLO HOME RUN (Line Drive, 89XD, EV 98.1 MPH), Distance : 387 ft
|
|
Batting: SHB Tim Rogers
|
0-0: Ball 1-0: Called Strike 1-1: SINGLE (Groundball, 6MS, EV 83.8 MPH) (infield hit)
|
|
Batting: RHB Nick Solberg
|
0-0: Called Strike 0-1: Fielders Choice at 2nd, 1-6 (Groundball, 23, EV 65.6 MPH)
|
|
Batting: RHB Sal Cervantes
|
0-0: Ball Nick Solberg steals 2nd base 1-0: Ball 2-0: Called Strike 2-1: Ball 3-1: Foul Ball, location: 2F 3-2: SINGLE (Line Drive, 78M, EV 95.0 MPH) Nick Solberg to third Runner from 3rd tries for Home, throw by CF and OUT! 8-2
|
| Bottom of the 5th over - 1 run, 3 hits, 0 errors, 1 left on base; Madison 0 - Amarillo 1 |
| TOP OF THE 6TH |
|
Madison Brewers batting - Pitching for Amarillo ThunderHeads : RHP Ferdi Schipper
|
|
Batting: LHB Rick Campbell
|
0-0: Called Strike 0-1: Called Strike 0-2: Ball 1-2: Fly out, F7 (Flyball, 7LD, EV 98.8 MPH)
|
|
Pitching: RHP Bryan Bennett
|
|
|
Pinch Hitting: LHB Steven Donovan
|
0-0: Ball 1-0: Ball 2-0: Ball 3-0: Called Strike 3-1: Base on Balls
|
|
Batting: SHB Aaron Neill
|
0-0: Called Strike 0-1: Swinging Strike 0-2: Ball 1-2: SINGLE (Groundball, 6M, EV 90.0 MPH) (infield hit) Steven Donovan to second
|
|
Batting: SHB Jerry Duffy
|
0-0: Ball 1-0: Foul Ball, location: 2F 1-1: Fly out, F7 (Line Drive, 78M, EV 90.6 MPH)
|
|
Batting: RHB Chris Riddel
|
0-0: Foul Ball, location: 2F 0-1: Ball 1-1: Called Strike 1-2: Strikes out swinging
|
| Top of the 6th over - 0 runs, 1 hit, 0 errors, 2 left on base; Madison 0 - Amarillo 1 |
| BOTTOM OF THE 6TH |
|
Amarillo ThunderHeads batting - Pitching for Madison Brewers : LHP Mike Moffett
|
|
Now at 1B: Sal Burgos
|
|
|
Batting: RHB Ron Squires
|
0-0: Called Strike 0-1: Called Strike 0-2: Strikes out swinging
|
|
Batting: RHB Luis Solorzano
|
0-0: Ball 1-0: Fly out, F5 (Line Drive, 5, EV 66.3 MPH)
|
|
Batting: RHB Elias Sagrero
|
0-0: Ball 1-0: Ball 2-0: Called Strike 2-1: Foul Ball, location: 2F 2-2: Strikes out swinging
|
| Bottom of the 6th over - 0 runs, 0 hits, 0 errors, 0 left on base; Madison 0 - Amarillo 1 |
| TOP OF THE 7TH |
|
Madison Brewers batting - Pitching for Amarillo ThunderHeads : RHP Bryan Bennett
|
|
Batting: SHB Ramon Perez
|
0-0: Ball 1-0: Foul Ball, location: 2F 1-1: Called Strike 1-2: Ball 2-2: Fly out, F7 (Line Drive, 7, EV 91.9 MPH)
|
|
Pinch Hitting: SHB Sam Bingham
|
0-0: Ball 1-0: Ground out 4-3 (Groundball, 4, EV 96.9 MPH)
|
|
Pinch Hitting: LHB Danny Bautista
|
0-0: Called Strike 0-1: Ball 1-1: SINGLE (Line Drive, 8RS, EV 94.4 MPH)
|
|
Pinch Hitting: SHB C.J. Olivares
|
0-0: Called Strike 0-1: Fly out, F9 (Line Drive, 9D, EV 86.9 MPH)
|
| Top of the 7th over - 0 runs, 1 hit, 0 errors, 1 left on base; Madison 0 - Amarillo 1 |
| BOTTOM OF THE 7TH |
|
Amarillo ThunderHeads batting - Pitching for Madison Brewers : LHP Mike Moffett
|
|
Now at 2B: Sam Bingham
|
|
|
Now at SS: Rick Campbell
|
|
|
Now in LF: C.J. Olivares
|
|
|
Now in CF: Alfredo Sena
|
|
|
Batting: SHB Tyler Romo
|
0-0: Called Strike 0-1: Called Strike 0-2: SINGLE (Groundball, 56S, EV 68.8 MPH) (infield hit)
|
|
Batting: SHB Zack Barton
|
0-0: Called Strike 0-1: Ball 1-1: Sac Bunt to 15 - play at second, runner OUT! 1-6
|
|
Batting: RHB Luis Reyna
|
0-0: Called Strike 0-1: Ball 1-1: Swinging Strike 1-2: Strikes out swinging
|
|
Batting: SHB Tim Rogers
|
0-0: Ball 1-0: Reached on error, E6 (Groundball, 6, EV 98.1 MPH) Zack Barton to second
|
|
Batting: RHB Nick Solberg
|
0-0: Ball 1-0: Fielders Choice at 2nd, 6-4 (Groundball, 6, EV 91.9 MPH)
|
| Bottom of the 7th over - 0 runs, 1 hit, 1 error, 2 left on base; Madison 0 - Amarillo 1 |
| TOP OF THE 8TH |
|
Madison Brewers batting - Pitching for Amarillo ThunderHeads : RHP Bryan Bennett
|
|
Batting: LHB Rick Campbell
|
0-0: Fly out, F9 (Line Drive, 9, EV 88.1 MPH)
|
|
Batting: LHB Sal Burgos
|
0-0: Fly out, F8 (Flyball, 8LM, EV 94.4 MPH)
|
|
Batting: SHB Aaron Neill
|
0-0: Swinging Strike 0-1: Ground out 4-3 (Groundball, 34, EV 80.0 MPH)
|
| Top of the 8th over - 0 runs, 0 hits, 0 errors, 0 left on base; Madison 0 - Amarillo 1 |
| BOTTOM OF THE 8TH |
|
Amarillo ThunderHeads batting - Pitching for Madison Brewers : LHP Mike Moffett
|
|
Pitching: LHP Tony Salazar
|
|
|
Batting: RHB Sal Cervantes
|
0-0: Called Strike 0-1: Swinging Strike 0-2: Ball 1-2: Ball 2-2: Strikes out swinging
|
|
Batting: RHB Ron Squires
|
0-0: Called Strike 0-1: Swinging Strike 0-2: Strikes out swinging
|
|
Batting: RHB Luis Solorzano
|
0-0: Ball 1-0: Called Strike 1-1: Fly out, F7 (Flyball, 7D, EV 90.0 MPH)
|
| Bottom of the 8th over - 0 runs, 0 hits, 0 errors, 0 left on base; Madison 0 - Amarillo 1 |
| TOP OF THE 9TH |
|
Madison Brewers batting - Pitching for Amarillo ThunderHeads : RHP Bryan Bennett
|
|
Pitching: RHP Mike Osgood
|
|
|
Batting: SHB Jerry Duffy
|
0-0: Foul Ball, location: 2F 0-1: Ball 1-1: Ball 2-1: Ball 3-1: Foul Ball, location: 2F 3-2: Strikes out swinging
|
|
Batting: RHB Chris Riddel
|
0-0: Ball 1-0: Ball 2-0: Ball 3-0: Called Strike 3-1: SINGLE (Groundball, 56, EV 100.6 MPH) (infield hit)
|
|
Batting: SHB Ramon Perez
|
0-0: Ball 1-0: Ball Passed Ball! Chris Riddel to second 2-0: Called Strike 2-1: Ball 3-1: Base on Balls
|
|
Batting: SHB Sam Bingham
|
0-0: Ball 1-0: Ball 2-0: SINGLE (Groundball, 4M, EV 103.1 MPH) (infield hit) Chris Riddel to third Ramon Perez to second
|
|
Batting: RHB Alfredo Sena
|
0-0: Ball 1-0: Foul Ball, location: 2F 1-1: Ball 2-1: Foul Ball, location: 2F 2-2: Ball 3-2: Strikes out swinging
|
|
Batting: SHB C.J. Olivares
|
0-0: Fly out, F8 (Line Drive, 8RM, EV 94.4 MPH)
|
| Top of the 9th over - 0 runs, 2 hits, 0 errors, 3 left on base; Madison 0 - Amarillo 1 |
|